 Dungeon Crawl Stone Soup version 0.32-a0-39-g5c88369fb2 (webtiles) character file.

Game seed: 15503995725427779379

137 Colgate the Cutter (level 5, 0/18 (24) HPs)
             Began as a Vine Stalker Air Elementalist on Feb 5, 2024.
             Slain by a wight
             ... wielding a +2 flail
              (1 damage)
             ... on level 6 of the Dungeon.
             The game lasted 00:03:11 (2238 turns).

Colgate the Cutter (Vine Stalker Air Elementalist)  Turns: 2238, Time: 00:03:12

HP:   0/18 (24)     AC:  7    Str: 13    XL:     5   Next: 20%
MP:   0/9           EV:  9    Int: 15    God:
Gold: 133           SH:  0    Dex: 14    Spells: 7/8 levels left

rFire   . . .        e - +0 short sword
rCold   . . .        (no shield)
rNeg    . . .        m - +0 scale mail
rPois   .            (no helmet)
rElec   .            (no cloak)
rCorr   .            (no gloves)
SInv    .            p - +0 pair of boots
Will    .....        s - amulet of the acrobat
Stlth   +            (no ring)
HPRegen 1.03/turn    (no ring)
MPRegen 0.11/turn

%: acrobat, guardian spirit
@: very heavily drained
A: fangs 2, regeneration 1, magic shield, antimagic bite, no potion heal 2
a: no special abilities


You were on level 6 of the Dungeon.
You visited 1 branch of the dungeon, and saw 4 of its levels.

You collected 133 gold pieces.

Inventory:

Hand Weapons
 c - a +0 dagger
 e - a +0 short sword (weapon)
Armour
 a - a +0 robe
 j - a +0 ring mail
 m - a +0 scale mail (worn)
 p - a +0 pair of boots (worn)
Jewellery
 s - an amulet of the acrobat (around neck)
Scrolls
 d - 3 scrolls of identify {unknown}
 l - 2 scrolls of enchant weapon {unknown}
 n - a scroll of fear {unknown}
 q - a scroll of silence {unknown}
Potions
 f - 3 potions of heal wounds {unknown}
 g - 3 potions of curing {unknown}
 h - a potion of ambrosia {unknown}
 i - 2 potions of enlightenment {unknown}
 k - a potion of might {unknown}
 o - a potion of haste {unknown}
 r - a potion of mutation {unknown}
 t - a potion of invisibility {unknown}


   Skills:
 + Level 4.2 Short Blades
 - Level 1.5 Dodging
 - Level 2.4 Stealth
 - Level 2.1 Spellcasting
 - Level 1.0 Conjurations
 - Level 3.0 Air Magic


You had 7 spell levels left.
You knew the following spells:

 Your Spells              Type           Power      Damage    Failure   Level
a - Shock                 Conj/Air       28%        1d4       43%         1

Your spell library contained the following spells:

 Spells                   Type           Power      Damage    Failure   Level
 Static Discharge         Conj/Air       14%        3-4/arc   58%         2
 Swiftness                Air            10%        N/A       67%         3
 Tukima's Dance           Hex            1%         N/A       97%         3
 Airstrike                Air            5%         2d(1-17)  97%         4
 Dimensional Bullseye     Hex/Tloc       0%         N/A       100%        4
 Iskenderun's Mystic Bla  Conj/Tloc      3%         2d3       100%        4


Dungeon Overview and Level Annotations

Branches:
Dungeon (3/15)

Altars:
Cheibriados
Sif Muna


Innate Abilities, Weirdness & Mutations

You have extremely sharp teeth.
Your natural rate of healing is unusually fast.
When hurt, damage is shared between your health and your magic reserves.
Your bite disrupts and absorbs the magic of your enemies.
Potions cannot restore your health.


Message History

You closely miss the hound. Your bite misses the hound.
The hound bites you but does no damage.
You miss the hound. You bite the hound.
You kill the hound!
Your Short Blades skill increases to level 4!
You have reached level 5!
No target in view!
Magic restored.
You now have 133 gold pieces (gained 16). 2 wights come into view.
The wight moves out of view.
You hit the wight. You bite the wight, but do no damage.
The wight hits you with a +2 flail.
You barely miss the wight. You hit the wight.
The wight hits you but does no damage.
You barely miss the wight. The wight hits you with a +2 flail!
You feel drained.
You are too injured to fight recklessly!
You are too injured to fight recklessly!
You are too injured to fight recklessly!
You are too injured to fight recklessly!
Magic courses through your body. The wight hits you with a +2 flail!
* * * LOW HITPOINT WARNING * * *
You feel drained.
* * * LOW HITPOINT WARNING * * *
Magic courses through your body. The wight hits you with a +2 flail.
* * * LOW HITPOINT WARNING * * *
You feel drained. Magic courses through your body. The wight barely misses you.
You hit the wight but do no damage. Your bite misses the wight.
The wight closely misses you.
You hit the wight but do no damage. You hit the wight.
The wight hits you but does no damage.
You closely miss the wight. The wight hits you with a +2 flail.
* * * LOW HITPOINT WARNING * * *
You hit the wight but do no damage. Your bite misses the wight.
The wight hits you with a +2 flail!
* * * LOW HITPOINT WARNING * * *
You feel drained.
You die...

#..#.# #...##### #z
..##.# ##### #. .z
..##.## #.##. .
#...# ######... .
#._.# ........#
#...# .######.#
##.####.##...#z#
#......##.#.#z#
##..)####.#.#@#####
#.#.#.##.#.#.....#
#.#)..##.#.#####.#
#..##.##.#....##.#
##.......####.##.#
#...##### #.##.#
##..# #....# #..#
###### #..#


You could see 2 wights.

Vanquished Creatures
  A hound (D:6)
  An orc wizard (D:6)
  3 adders (D:2)
  A dart slug (D:2)
  A ribbon worm (D:2)
  3 orcs (D:6)
  2 ball pythons (D:1)
  5 endoplasms
  7 goblins
  4 hobgoblins
  A kobold (D:1)
  3 quokkas
  6 bats
  6 frilled lizards
  3 rats
47 creatures vanquished.

Notes
Turn   | Place    | Note
-------+----------+-------------------------------------------
     0 | D:1      | Colgate the Vine Stalker Air Elementalist began the quest
                  | for the Orb.
     0 | D:1      | Reached XP level 1. HP: 9/9 MP: 4/4
   227 | D:1      | Reached skill level 1 in Short Blades
   285 | D:1      | Reached XP level 2. HP: 13/13 MP: 6/6
   782 | D:1      | Reached skill level 2 in Short Blades
  1158 | D:2      | Found a shimmering blue altar of Sif Muna.
  1213 | D:2      | Reached XP level 3. HP: 3/16 MP: 5/7
  1857 | D:2      | Reached skill level 3 in Short Blades
  1857 | D:2      | Reached XP level 4. HP: 21/21 MP: 8/8
  2065 | D:3      | You fall into a shaft and drop 3 floors!
  2132 | D:6      | Found a snail-covered altar of Cheibriados.
  2166 | D:6      | Reached skill level 4 in Short Blades
  2166 | D:6      | Reached XP level 5. HP: 24/24 MP: 7/9
  2232 | D:6      | HP: 1/20 [wight/+2 flail (2)]
  2238 | D:6      | Slain by a wight

Illustrated notes

Levels and vault maps discovered:
D:1:      minmay_arrival_glassed_features, layout_loops_corners,
          minmay_pentomino_u2
D:2:      layout_basic, basic_altar
D:3:      layout_basic
D:6:      layout_basic, mainiacjoe_overflow_catch_the_wave,
          ebering_ghost_sewer_d, serial_shops, nicolae_lakefront_shop,
          roderic_batcave

Skill      XL: |  1  2  3  4 |
---------------+-------------+-----
Short Blades   | 1 2 3 4 |  4.2
Dodging        | |  1.5
Stealth        | |  2.4
Spellcasting   | |  2.1
Conjurations   | |  1.0
Air Magic      | |  3.0

Action                     |  1- 3 |  4- 6 || total
---------------------------+-------+-------++-------
  Melee: Dagger            |    12 |       ||    12
         Bite              |    27 |    19 ||    46
         Short sword       |   112 |    90 ||   202
         Punch             |       |     1 ||     1
   Cast: Shock             |     3 |       ||     3
    Use: Potion            |       |     3 ||     3
   Stab: Sleeping          |     6 |       ||     6
 Armour: Robe              |    21 |       ||    21
         Ring mail         |    21 |       ||    21
         Scale mail        |    27 |    64 ||    91
  Dodge: Dodged            |    53 |    38 ||    91

Table legend: (Time is in decaauts)
 A = Elapsed time spent in this place.
 B = Non-inter-level travel time spent in this place.
 C = Inter-level travel time spent in this place.
 D = Time resting spent in this place.
 E = Time spent auto-exploring this place.
 F = Levels seen in this place.
 G = Mean time per level.
                   A        B        C        D        E       F      G
               +--------+--------+--------+--------+--------+-----+--------+
         Total |   2206 |   1970 |    236 |      0 |   1549 |   4 |  551.5 |
       Dungeon |   2206 |   1970 |    236 |      0 |   1549 |   4 |  551.5 |
               +--------+--------+--------+--------+--------+-----+--------+

Top non-repeatable levels by time:
     D:1: 1153 daAuts
     D:2: 723 daAuts
     D:3: 168 daAuts
     D:6: 161 daAuts
